[Event "Late-Titled-Tuesday-Blitz-March-05-2024"]
[Site "Chess.com"]
[Date "2024.03.05"]
[Round "4"]
[White "LUISMIGUELOV"]
[Black "Kostukov_Alex"]
[Result "0-1"]
[WhiteElo "2160"]
[BlackElo "2335"]
[TimeControl "180+1"]
[EndTime "14:39:06 PST"]
[Termination "Kostukov_Alex won on time"]

1. e4 c5 2. Nf3 g6 3. d4 cxd4 4. c3 Bg7 5. Nxd4 Nf6 6. Bd3 O-O 7. O-O Nc6 8. Qe2 d6 9. Nd2 Bd7 10. N2f3 a6 11. h3 e5 12. Nxc6 Bxc6 13. Bg5 h6 14. Bxf6 Bxf6 15. Rad1 Qc7 16. Bc4 Kg7 17. Rd2 Rac8 18.
Bb3 Bb5 19. c4 Bd7 20. Rfd1 Be7 21. Nxe5 Be6 22. Nf3 Bxc4 23. Bxc4 Qxc4 24. Qxc4 Rxc4 25. Re2 Rfc8 26. Nd4 Rc1 27. Rxc1 Rxc1+ 28. Kh2 Bf6 29. Nf3 Rc4 30. b3 Rc1 31. g3 Kf8 32. Kg2 Ke7 33. Ne1 Rc3 34. f4 Bd4 35. Nf3 Bc5 36. e5 d5 37. Rd2 Ke6 38. Rd4 Rxf3 39. Rd2 Rc3 0-1

[Event "Late-Titled-Tuesday-Blitz-March-05-2024"]
[Site "Chess.com"]
[Date "2024.03.05"]
[Round "4"]
[White "KerryStead"]
[Black "Viktor_Poddubnyi"]
[Result "1-0"]
[WhiteElo "2054"]
[BlackElo "2266"]
[TimeControl "180+1"]
[EndTime "14:39:06 PST"]
[Termination "KerryStead won on time"]

1. d4 g6 2. e4 Bg7 3. Be3 d6 4. Qd2 a6 5. Ne2 b5 6. a4 Bb7 7. f3 Nd7 8. Na3 c6 9. c4 Ngf6 10.
axb5 axb5 11. cxb5 cxb5 12. Nc1 Bc6 13. d5 Bb7 14.
Bxb5 O-O 15. O-O Nc5 16. Nc2 Rxa1 17. Nxa1 Qb8 18. Bc4 Ba6 19. Bxa6 Nxa6 20. Nab3 Nd7 21. Bd4 Ne5 22. Rd1 Qb7 23. Na5 Qb5 24. Qc3 Nc5 25.
Nc6 Na4 26. Nxe7+ Kh8 27. Qb3 Qxb3 28. Nxb3 Rb8 29. Na5 Nxb2 30. Rb1 Nxf3+ 31. gxf3 Bxd4+ 32. Kg2 Ra8 33. Nac6 Bg7 34. e5 Ra2 35. Kg3 dxe5 36. d6 1-0

[Event "Late-Titled-Tuesday-Blitz-March-05-2024"]
[Site "Chess.com"]
[Date "2024.03.05"]
[Round "4"]
[White "chess94cu"]
[Black "Cambek64"]
[Result "1/2-1/2"]
[WhiteElo "2648"]
[BlackElo "2483"]
[TimeControl "180+1"]
[EndTime "14:39:07 PST"]
[Termination "Game drawn by repetition"]

1. Nf3 d5 2. c4 c6 3. e3 Nf6 4. Nc3 a6 5. d4 b5 6. b3 Bg4 7.
h3 Bxf3 8. Qxf3 e6 9. c5 Nbd7 10. Be2 Be7 11. g4 O-O 12. g5 Ne8 13. h4 e5 14. Bd2 exd4 15. exd4 Nc7 16. Bd3 Ne6 17. Qf5 g6 18. Qg4 Qc8 19. Kf1 f5 20. gxf6 Nxf6 21. Qe2 Rf7 22. Be3 Ng7 23. Qc2 Ng4 24. Re1 Nf5 25. Bxf5 Rxf5 26. h5 Qf8 27. hxg6 hxg6 28. Ke2 Bg5 29. Kd1 Bxe3 30. fxe3 Nf2+ 31. Kc1 Nxh1 32. Rxh1 Rf1+ 33. Rxf1 Qxf1+ 34. Kb2 Qf5 35. Qh2 b4 36. Ne2 Re8 37. Qg3 Qd3 38. Nf4 Qd2+ 39. Kb1 Qxe3 40. Qxg6+ Kh8 41. Qh6+ Kg8 42. Qg6+ Kf8 43.
Qf6+ Kg8 44. Qg6+ 1/2-1/2

[Event "Late-Titled-Tuesday-Blitz-March-05-2024"]
[Site "Chess.com"]
[Date "2024.03.05"]
[Round "4"]
[White "GiorgianBarbosa"]
[Black "Practical-Play"]
[Result "0-1"]
[WhiteElo "2421"]
[BlackElo "2570"]
[TimeControl "180+1"]
[EndTime "14:39:08 PST"]
[Termination "Practical-Play won by checkmate"]

1. b3 e5 2. Bb2 Nc6 3. Nf3 e4 4. Nd4 Nxd4 5. Bxd4 d5 6. e3 Nf6 7. c4 c6 8. cxd5 cxd5 9. Bb5+ Bd7 10. Bxf6 gxf6 11.
Bxd7+ Qxd7 12. Nc3 Rg8 13. g3 O-O-O 14. Qh5 Rg6 15. O-O-O d4 16. Ne2 Rg5 17. Qxh7 Ra5 18. Kb1 Qb5 19. Rc1+ Kb8 20. Qxf7 Bd6 21. Nxd4 Qd3+ 22. Rc2 Be5 23. Rc1 Rc5 24. Qe6 Rdc8 25. Kb2 Rxc2+ 26. Rxc2 Qxc2+ 27. Ka3 Qc5+ 28. Kb2 Bxd4+ 29.
exd4 Qxd4+ 30. Ka3 Qc5+ 31. Ka4 b5+ 32. Ka5 Qa3+ 33. Kxb5 Rc5# 0-1

[Event "Late-Titled-Tuesday-Blitz-March-05-2024"]
[Site "Chess.com"]
[Date "2024.03.05"]
[Round "4"]
[White "Alexei_Gubajdullin"]
[Black "TheoSlade"]
[Result "1-0"]
[WhiteElo "2628"]
[BlackElo "2418"]
[TimeControl "180+1"]
[EndTime "14:39:08 PST"]
[Termination "Alexei_Gubajdullin won by resignation"]

1. Nf3 d5 2. g3 Nd7 3. Bg2 e5 4.
d3 Ngf6 5. O-O Bc5 6. Nbd2 O-O 7. e4 dxe4 8. dxe4 Re8 9. Qe2 Nf8 10. Nc4 Bg4 11. h3 Bxf3 12. Bxf3 Ne6 13. c3 Bd6 14. Rd1 Qe7 15. Ne3 Rad8 16. Nf5 Qd7 17. Be3 b6 18. Nxd6 cxd6 19. a4 Qc6 20. Qc2 Nc5 21. Bg5 Ncd7 22. a5 h6 23. Be3 Nc5 24. axb6 axb6 25.
Bxc5 dxc5 26. Re1 Ra8 27. Rad1 Red8 28. Kg2 b5 29. Qe2 Kf8 30. h4 Ke7 31. Qe3 Rxd1 32. Rxd1 Rd8 33. Ra1 Rd7 34. g4 Ne8 35. g5 hxg5 36.
Qxg5+ Qf6 37. Ra5 Qxg5+ 38. hxg5 Nd6 39. b4 cxb4 40. cxb4 Rc7 41. Be2 Rc2 42. Bxb5 Nxe4 43. Bd3 Rxf2+ 44. Kg1 Rf4 45. Rxe5+ Kd6 46. Rxe4 Rf5 47.
Rd4+ Ke5 48. Bxf5 Kxd4 49. Bd7 1-0

[Event "Late-Titled-Tuesday-Blitz-March-05-2024"]
[Site "Chess.com"]
[Date "2024.03.05"]
[Round "4"]
[White "HaryKane"]
[Black "prochn"]
[Result "1-0"]
[WhiteElo "2605"]
[BlackElo "2458"]
[TimeControl "180+1"]
[EndTime "14:39:10 PST"]
[Termination "HaryKane won on time"]

1. d4 d5 2. e3 Nf6 3. f4 c5 4.
Nf3 b6 5. c3 g6 6. Bd3 Bg7 7. O-O O-O 8. Qe2 a5 9. Ne5 Ba6 10. Bxa6 Nxa6 11. Bd2 Ne4 12. Be1 f6 13. Nd3 Nc7 14. Nd2 c4 15. Nf2 Nxd2 16. Bxd2 f5 17. b3 b5 18. a4 cxb3 19. axb5 a4 20. c4 e6 21. b6 Ne8 22. c5 Qd7 23. Bc1 Nf6 24.
Ba3 Rfc8 25. Rfc1 Qc6 26. Nd3 Ne4 27. Nb4 Qb7 28. Qb5 Rcb8 29. Nc6 Rc8 30. Na5 Rxa5 31.
Qxa5 Bf8 32. Qxa4 Nd2 33. Qb4 Nc4 34. Qxb3 Ra8 35. Bb4 Rb8 36. Rxc4 dxc4 37. Qxc4 Qe4 38. Bd2 1-0

[Event "Late-Titled-Tuesday-Blitz-March-05-2024"]
[Site "Chess.com"]
[Date "2024.03.05"]
[Round "4"]
[White "Fandorine"]
[Black "LikeWater"]
[Result "1-0"]
[WhiteElo "2926"]
[BlackElo "2695"]
[TimeControl "180+1"]
[EndTime "14:39:12 PST"]
[Termination "Fandorine won by resignation"]

1. e4 c6 2. d4 d5 3. e5 Bf5 4. h4 h6 5. g4 Bd7 6. Nc3 e6 7. Be3 a6 8. h5 c5 9. dxc5 Qc7 10. f4 Bxc5 11. Bxc5 Qxc5 12. Qd2 Ne7 13. Nf3 Nbc6 14. O-O-O b5 15. Kb1 b4 16. Ne2 a5 17. Ned4 Nxd4 18.
Qxd4 Rc8 19. Qxc5 Rxc5 20. Rh3 Kd8 21. Nd4 a4 22. a3 bxa3 23. Rxa3 Kc7 24. b4 axb3 25.
Ra7+ Kd8 26. cxb3 Rc7 27. Ra6 Nc8 28. Kb2 Ra7 29. Rda1 Rxa6 30. Rxa6 Kc7 31. Ka3 Kb7 32.
Kb4 Na7 33. Kc5 Rd8 34. Be2 Be8 35. Rb6+ Kc7 36. f5 Bd7 37. fxe6 fxe6 38. Rxe6 Rb8 39.
Re7 Kd8 40. Rxg7 Nc8 41. e6 1-0

[Event "Late-Titled-Tuesday-Blitz-March-05-2024"]
[Site "Chess.com"]
[Date "2024.03.05"]
[Round "4"]
[White "Jahonas"]
[Black "pooh2012"]
[Result "0-1"]
[WhiteElo "2390"]
[BlackElo "2532"]
[TimeControl "180+1"]
[EndTime "14:39:12 PST"]
[Termination "pooh2012 won by resignation"]

1. e4 c6 2. Nf3 d5 3. Nc3 Bg4 4.
h3 Bxf3 5. Qxf3 e6 6. d4 Nd7 7. Bd3 dxe4 8. Nxe4 Ngf6 9. c3 Nxe4 10. Bxe4 Bd6 11.
O-O Qc7 12. Bg5 h6 13. Qh5 Bf4 14. Bxf4 Qxf4 15. Rae1 Nf6 16. Qf3 Qxf3 17. Bxf3 Ke7 18. Re5 Rhd8 19. Rfe1 Rd6 20. g3 a5 21. Bg2 a4 22. f4 Kf8 23. f5 exf5 24. Rxf5 Nd7 25. g4 Rf6 26. Rxf6 Nxf6 27. Kf2 Ra5 28. Re5 Rxe5 29.
dxe5 Nd7 30. Ke3 Nxe5 31. Kd4 Nd7 32. Kc4 Ke7 33. Kb4 Nb6 34. c4 Ke6 35. Be4 Ke5 36. Bf5 g6 37. Bd3 Kd4 38. Bf1 f5 39. gxf5 gxf5 40. b3 axb3 41. axb3 Nd7 42. h4 f4 43. Bh3 Nc5 44. Bc8 f3 45. Bg4 f2 46.
Bh3 Nd3+ 47. Ka5 Kc5 48. Bf1 Nb4 49. Ka4 Nc2 50. Ka5 Ne3 51. b4+ Kd4 52. Be2 Nxc4+ 0-1

[Event "Late-Titled-Tuesday-Blitz-March-05-2024"]
[Site "Chess.com"]
[Date "2024.03.05"]
[Round "4"]
[White "SnekkerAndersen"]
[Black "steepedgames"]
[Result "1-0"]
[WhiteElo "2708"]
[BlackElo "2535"]
[TimeControl "180+1"]
[EndTime "14:39:14 PST"]
[Termination "SnekkerAndersen won on time"]

1. d4 f5 2. g4 fxg4 3. e4 d6 4. h3 g3 5. fxg3 Nf6 6. Nc3 Nc6 7. Nf3 e5 8. d5 Ne7 9. Be3 Ng6 10. Qd2 Be7 11. O-O-O O-O 12. Be2 c6 13. Ng5 Qa5 14.
Kb1 Bd7 15. Bc4 c5 16. Ne6 Bxe6 17. dxe6 a6 18. Nd5 Qxd2 19. Nxf6+ Rxf6 20. Bxd2 b5 21. Bd5 Raf8 22. h4 h6 23. Bb7 Rf3 24. h5 Nh8 25.
Bxa6 Rb8 26. g4 Rff8 27. a4 bxa4 28. Ka2 Rf3 29. Rdf1 Rxf1 30. Rxf1 Kh7 31. Bc4 g6 32. Rh1 gxh5 33. Rxh5 Bf8 34. Bxh6 Bxh6 35. g5 Kg6 36. Rxh6+ Kxg5 37. Rh7 Ng6 38. Rd7 Kf4 39. Bd5 Nh4 40. e7 1-0

[Event "Late-Titled-Tuesday-Blitz-March-05-2024"]
[Site "Chess.com"]
[Date "2024.03.05"]
[Round "4"]
[White "NovakRatko"]
[Black "DeArron_Fox"]
[Result "0-1"]
[WhiteElo "2395"]
[BlackElo "2550"]
[TimeControl "180+1"]
[EndTime "14:39:15 PST"]
[Termination "DeArron_Fox won on time"]

1. d4 d5 2. c4 e6 3. cxd5 exd5 4. Nc3 Nf6 5. Bg5 c6 6. f3 Be7 7. Qd2 h6 8. Bh4 O-O 9. e3 Bf5 10. g4 Bh7 11. Bd3 Nbd7 12. Nge2 Re8 13. Bg3 Nb6 14.
b3 a5 15. h4 a4 16. Kf2 axb3 17. axb3 Rxa1 18. Rxa1 Bxd3 19. Qxd3 c5 20. Qb5 c4 21. Ra7 cxb3 22. Rxb7 Nfd7 23. Nxd5 Qa8 24. Nxe7+ Rxe7 25. Rxb6 Nxb6 26. Qxb6 Rb7 27. Qc5 b2 28. Nc3 b1=Q 29. Nxb1 Qa2+ 30. Kf1 Rxb1+ 31. Be1 Qa8 0-1

[Event "Late-Titled-Tuesday-Blitz-March-05-2024"]
[Site "Chess.com"]
[Date "2024.03.05"]
[Round "4"]
[White "JiiHart"]
[Black "flubs"]
[Result "0-1"]
[WhiteElo "2182"]
[BlackElo "2456"]
[TimeControl "180+1"]
[EndTime "14:39:15 PST"]
[Termination "flubs won on time"]

1. e4 c6 2. d4 d5 3. Nc3 dxe4 4. Nxe4 Nf6 5. Nxf6+ exf6 6. c3 Bd6 7. Bd3 O-O 8.
Qc2 Re8+ 9. Ne2 h6 10. Be3 Qc7 11. O-O-O Be6 12. c4 Nd7 13. h3 Qa5 14. Nc3 b5 15. d5 bxc4 16. Bh7+ Kh8 17. dxe6 Nf8 18. exf7 Red8 19. Bf5 Rab8 20. Ne4 Be5 21. Rxd8 Qxd8 22. Nc3 Qa5 23. Rd1 g6 24. Be4 f5 25. Bf3 Kg7 26.
Bd4 Ne6 27. Bxe5+ Qxe5 28. Bxc6 Nd4 29. Qa4 Qc5 0-1

[Event "Late-Titled-Tuesday-Blitz-March-05-2024"]
[Site "Chess.com"]
[Date "2024.03.05"]
[Round "4"]
[White "Antipov_Mikhail_Al"]
[Black "karinachess1"]
[Result "1-0"]
[WhiteElo "2937"]
[BlackElo "2596"]
[TimeControl "180+1"]
[EndTime "14:39:16 PST"]
[Termination "Antipov_Mikhail_Al won by resignation"]

1. e4 e5 2. Nf3 Nc6 3. Bc4 Nf6 4. d3 h6 5. h3 d6 6. a4 g5 7. Nc3 Bg7 8. Nh2 Be6 9. Ng4 Qd7 10. Nxf6+ Bxf6 11. Nd5 Bg7 12. Ne3 Ne7 13. Bxe6 Qxe6 14.
c4 f5 15. Qh5+ Kd7 16. Bd2 Raf8 17. a5 a6 18. Nd5 c6 19. Nb6+ Kc7 20. b4 Qg6 21. Qe2 g4 22. hxg4 fxg4 23. b5 Nc8 24. Be3 h5 25. Na8+ Kd7 26. bxc6+ bxc6 27. Rb1 Ke6 28. Nc7+ Kf7 29. Nxa6 Bh6 30. Rb7+ Kg8 31. Nb4 c5 32. Nd5 Qe8 33. Bxh6 Rxh6 34. Qe3 Rh7 35.
Qg5+ Kh8 36. Rxh7+ Kxh7 37. Rxh5+ 1-0

[Event "Late-Titled-Tuesday-Blitz-March-05-2024"]
[Site "Chess.com"]
[Date "2024.03.05"]
[Round "4"]
[White "chegueps"]
[Black "cristianserban1"]
[Result "1-0"]
[WhiteElo "2656"]
[BlackElo "2512"]
[TimeControl "180+1"]
[EndTime "14:39:16 PST"]
[Termination "chegueps won by checkmate"]

1. Nf3 d5 2. g3 Nf6 3. Bg2 c6 4. O-O Bg4 5. d3 Nbd7 6. h3 Bh5 7. c4 e5 8. cxd5 cxd5 9. Nc3 Qb6 10. g4 Bg6 11. g5 Nh5 12. Nxd5 Qd6 13. Nd2 Rc8 14.
Nc4 Qb8 15. Be3 Bc5 16. Qa4 b5 17. Qa6 bxc4 18. Qa4 Bxe3 19. fxe3 cxd3 20. Rac1 dxe2 21. Rfe1 Bf5 22. Qa3 Nc5 23. Rxc5 Rxc5 24. Qxc5 Qd8 25. Nc7+ Kd7 26. Qc6+ Ke7 27. Nd5+ Kf8 28. Qc5+ Ke8 29.
Rxe2 Qd7 30. Rd2 Kd8 31. Qa5+ Kc8 32. e4 Be6 33. Rc2+ Kb8 34. Rc7 Bxd5 35. Qxa7# 1-0

[Event "Late-Titled-Tuesday-Blitz-March-05-2024"]
[Site "Chess.com"]
[Date "2024.03.05"]
[Round "4"]
[White "NateSolon"]
[Black "HalfIsCrayfish"]
[Result "1-0"]
[WhiteElo "2696"]
[BlackElo "2529"]
[TimeControl "180+1"]
[EndTime "14:39:17 PST"]
[Termination "NateSolon won by checkmate"]

1. d4 Nf6 2. Bf4 b6 3. Nc3 Bb7 4. f3 d5 5. e4 e6 6. e5 Nfd7 7. Be3 a6 8. f4 c5 9. Nf3 Nc6 10.
Be2 cxd4 11. Nxd4 Nxd4 12. Bxd4 Qc7 13. O-O Bc5 14. Kh1 O-O-O 15. Bf3 Kb8 16. Ne2 f6 17. exf6 gxf6 18. c3 e5 19. fxe5 fxe5 20. Bxc5 Nxc5 21.
a4 Rhg8 22. a5 e4 23. Bh5 Nd3 24. axb6 Qxb6 25. Nd4 Rg5 26. Be2 Ne5 27. Qd2 Rdg8 28. Qf4 Qd6 29. g3 Ka8 30. Bxa6 Bxa6 31. Nb5 Qc5 32.
Rxa6+ Kb7 33. Ra7+ Kb6 34. Qf6+ Qc6 35. Qe7 R8g7 36.
Qd8+ Kxb5 37. Qa5+ Kc4 38. Qb4+ Kd3 39. Qd4+ Ke2 40.
Rf2+ Ke1 41. Qd2# 1-0

[Event "Late-Titled-Tuesday-Blitz-March-05-2024"]
[Site "Chess.com"]
[Date "2024.03.05"]
[Round "4"]
[White "MusicCityMaster"]
[Black "ukchessbomber"]
[Result "0-1"]
[WhiteElo "2497"]
[BlackElo "2661"]
[TimeControl "180+1"]
[EndTime "14:39:17 PST"]
[Termination "ukchessbomber won by resignation"]

1. d4 b5 2. e4 Bb7 3. Bd3 e6 4. Nf3 Nf6 5. Qe2 a6 6. c3 d5 7. e5 Nfd7 8. O-O Be7 9. Nbd2 c5 10. dxc5 Nxc5 11. Bc2 Nc6 12. Nb3 Qc7 13. Nbd4 Nxd4 14.
cxd4 Ne4 15. Bd3 O-O 16. Bf4 Rac8 17. h4 h6 18. h5 Qa5 19. Qe3 Rfe8 20. g4 Qb6 21.
Kh2 Qd8 22. Rg1 Bg5 23. Bxg5 Nxg5 24. Nd2 f6 25. f4 Ne4 26. Nf3 Rf8 27. Rg2 Rc7 28.
exf6 Qxf6 29. g5 Qxf4+ 30. Qxf4 Rxf4 31. Bxe4 dxe4 32. Ne5 Rh4+ 33. Kg3 hxg5 34. Rh2 Rxh2 35. Kxh2 Rc2+ 36. Kg3 e3 37. Re1 Rg2+ 38. Kh3 e2 39.
Ng4 Bf3 40. Nh2 g4+ 41. Nxg4 Rxg4 42. h6 gxh6 0-1

[Event "Late-Titled-Tuesday-Blitz-March-05-2024"]
[Site "Chess.com"]
[Date "2024.03.05"]
[Round "4"]
[White "Azerichess"]
[Black "kenta1234"]
[Result "1-0"]
[WhiteElo "3056"]
[BlackElo "2811"]
[TimeControl "180+1"]
[EndTime "14:39:18 PST"]
[Termination "Azerichess won by resignation"]

1. d4 Nf6 2. Bg5 d5 3. Nd2 c5 4.
dxc5 e5 5. e4 Bxc5 6. exd5 Qxd5 7.
Bxf6 gxf6 8. Ngf3 e4 9. Bc4 Bxf2+ 10. Kf1 Qc5 11. Qe2 e3 12. Ne4 Qe7 13. Nxf2 exf2 14.
Qxe7+ Kxe7 15. Kxf2 Be6 16. Rhe1 Nc6 17. Re3 Rhd8 18. Rae1 Rd6 19. a3 Rad8 20. h3 h5 21. Re4 Rc8 22. Bd3 Rd5 23. Rh4 a5 24. Kg1 Rg8 25.
Kh2 Rgd8 26. Bc4 Rc5 27. Bd3 Rcd5 28. Be4 Rc5 29. c3 Ne5 30. Nd4 Rd6 31. Rxh5 Rb6 32. Re2 Nd7 33. Rxc5 Nxc5 34. b4 axb4 35. axb4 Na4 36.
Re3 Kd6 37. h4 Kc7 38. h5 f5 39. Bxf5 Bxf5 40. Nxf5 Rf6 41. g4 Nb6 42. h6 Nd5 43. Re4 1-0

[Event "Late-Titled-Tuesday-Blitz-March-05-2024"]
[Site "Chess.com"]
[Date "2024.03.05"]
[Round "4"]
[White "anasta10"]
[Black "Charodej1"]
[Result "1-0"]
[WhiteElo "2514"]
[BlackElo "2328"]
[TimeControl "180+1"]
[EndTime "14:39:18 PST"]
[Termination "anasta10 won by checkmate"]

1. Nf3 Nf6 2. c4 d5 3. cxd5 Qxd5 4. Nc3 Qd8 5. g3 c5 6. Bg2 Nc6 7. O-O Bg4 8. Qa4 Qd7 9. d3 e6 10. Bf4 Be7 11. h3 Bh5 12. g4 Bg6 13. Rfc1 O-O 14.
Nh4 Nd5 15. Nxg6 fxg6 16. Nxd5 exd5 17. Bg3 Rad8 18. e3 b6 19. a3 Nd4 20. Qd1 Ne6 21. b4 cxb4 22. axb4 Bxb4 23. Qb3 a5 24. Be5 Nc5 25. Qd1 Qb5 26. Bf1 Qd7 27. f4 Rc8 28. Rab1 Rfd8 29. Bg2 Qb5 30. d4 Ne4 31. Rxc8 Rxc8 32.
Qb3 Qc4 33. Qa4 b5 34. Qa1 Nc3 35. Re1 Ne2+ 36. Kh2 Bxe1 37. Qxe1 Nc3 38. Qh4 b4 39. Qe7 Rc7 40. Qe8# 1-0

[Event "Late-Titled-Tuesday-Blitz-March-05-2024"]
[Site "Chess.com"]
[Date "2024.03.05"]
[Round "4"]
[White "AlexTruskavetsky"]
[Black "Schattman"]
[Result "1-0"]
[WhiteElo "2700"]
[BlackElo "2427"]
[TimeControl "180+1"]
[EndTime "14:39:19 PST"]
[Termination "AlexTruskavetsky won on time"]

1. d4 Nf6 2. c4 e6 3. Nc3 Bb4 4. e3 O-O 5. a3 Bxc3+ 6. bxc3 c5 7. Bd3 d6 8. Ne2 Nc6 9. e4 h6 10. O-O e5 11. d5 Ne7 12. f3 Ng6 13. g4 Nh7 14.
Qe1 Qh4 15. Qg3 Qxg3+ 16. hxg3 Re8 17. Kg2 b6 18. a4 a5 19. Be3 Bd7 20. Rfb1 Ra6 21.
Rb2 Ne7 22. Bc2 Nc8 23. Rab1 g5 24.
Bd2 Nf8 25. Rh1 Kg7 26. Nc1 Ng6 27. Nd3 f6 28. Rh2 Rh8 29. Rb1 Rh7 30. Rbh1 Rh8 31. Bb3 Ra7 32. Nf2 Ra8 33. Nd1 Ra7 34. Ne3 Ra8 35. Nf5+ Bxf5 36. gxf5 Nge7 37. f4 exf4 38. gxf4 Na7 39. Bc2 Rag8 40. Kf3 Nac8 41. Bd3 Na7 42.
e5 fxe5 43. fxe5 dxe5 44. f6+ Kxf6 45. Rxh6+ Rxh6 46. Rxh6+ Kf7 47. Kg4 Nac8 48. Bxg5 Rg7 49. d6 Nc6 50. d7 e4 51. dxc8=Q Ne5+ 52. Kf5 1-0

[Event "Late-Titled-Tuesday-Blitz-March-05-2024"]
[Site "Chess.com"]
[Date "2024.03.05"]
[Round "4"]
[White "SchmakAttack"]
[Black "SpeedofLight0"]
[Result "0-1"]
[WhiteElo "2816"]
[BlackElo "3097"]
[TimeControl "180+1"]
[EndTime "14:39:22 PST"]
[Termination "SpeedofLight0 won by resignation"]

1. d4 d6 2. c4 g6 3. Nc3 Bg7 4. g3 Bd7 5. Bg2 Qc8 6. e4 Nc6 7. Nf3 Bh3 8. O-O h5 9. d5 Ne5 10. Bxh3 Qxh3 11. Ng5 Qd7 12. f4 Nxc4 13. Qd3 Nb6 14.
e5 Qf5 15. Qb5+ Kf8 16. a4 a6 17. Qe2 Nh6 18. a5 Nd7 19. e6 Nc5 20. Be3 f6 21.
Bxc5 dxc5 22. Nge4 h4 23. Nxc5 hxg3 24. hxg3 Ng4 25.
N5e4 Qh5 26. Kg2 Qh3+ 27. Kf3 Nh2+ 28. Ke3 f5 29. Ng5 Qxg3+ 30. Nf3 Ng4+ 31. Kd2 Qxf4+ 32. Kc2 Ne3+ 33. Kb3 Nxf1 34. Rxf1 Rd8 35. Rg1 Bxc3 36. bxc3 Rxd5 37. Rxg6 Rb5+ 38. Kc2 Qa4+ 39. Kd3 Rd5+ 40. Nd4 Rh3+ 41. Kd2 Rxd4+ 42. cxd4 Qxd4+ 43. Kc2 Rc3+ 44. Kb1 Qb4+ 0-1

[Event "Late-Titled-Tuesday-Blitz-March-05-2024"]
[Site "Chess.com"]
[Date "2024.03.05"]
[Round "4"]
[White "Bryanl106"]
[Black "JSPrepz"]
[Result "1/2-1/2"]
[WhiteElo "2643"]
[BlackElo "2835"]
[TimeControl "180+1"]
[EndTime "14:39:22 PST"]
[Termination "Game drawn by repetition"]

1. e4 e5 2. Nf3 Nc6 3. Nc3 Nf6 4. a3 d5 5. Bb5 Nxe4 6. Qe2 Nxc3 7. Qxe5+ Be7 8.
Qxc3 O-O 9. d4 Bf6 10. O-O Ne7 11. Bf4 c6 12. Bd3 Ng6 13. Bg3 Bg4 14. Ne5 Bxe5 15. dxe5 Qd7 16. h3 Bf5 17. Rfe1 Rfe8 18. Rad1 Bxd3 19.
Qxd3 Rad8 20. c4 d4 21. f4 Ne7 22. Bf2 c5 23. g4 Nc6 24. Bg3 Na5 25. b4 cxb4 26.
axb4 Nc6 27. b5 Nb4 28. Qb3 a5 29. bxa6 Nxa6 30. Bf2 d3 31. Rd2 h5 32. Red1 hxg4 33. Rxd3 Qc8 34. Rxd8 Rxd8 35. Rxd8+ Qxd8 36. hxg4 Nc7 37. Qxb7 Qd1+ 38. Kh2 Ne6 39. Qa8+ Kh7 40. Qe4+ Kg8 41.
f5 Ng5 42. Qf4 Nf3+ 43. Kg2 Nd2 44. c5 Qf1+ 45. Kh2 Qc1 46. Kg2 Qf1+ 47. Kh2 Qc1 48. Kg2 Qf1+ 1/2-1/2

[Event "Late-Titled-Tuesday-Blitz-March-05-2024"]
[Site "Chess.com"]
[Date "2024.03.05"]
[Round "4"]
[White "Kombinator01"]
[Black "Agibileg"]
[Result "1-0"]
[WhiteElo "2506"]
[BlackElo "2643"]
[TimeControl "180+1"]
[EndTime "14:39:22 PST"]
[Termination "Kombinator01 won by resignation"]

1. d4 Nf6 2. Bf4 g6 3. Nc3 d5 4. Qd2 c5 5. Nb5 Na6 6. f3 Bg7 7. e3 O-O 8. h4 h5 9. Nh3 Bf5 10.
Bd3 Bxd3 11. Qxd3 Rc8 12. c3 Qb6 13. a4 Nb8 14. a5 Qa6 15. Qe2 cxd4 16. exd4 Nc6 17.
O-O Nd7 18. Rfe1 e5 19. dxe5 Ncxe5 20. Ng5 Rfe8 21. Qf1 Nc5 22. Nd4 Ncd3 23. Bxe5 Bxe5 24. Red1 Bxd4+ 25. cxd4 Nxb2 26. Qxa6 bxa6 27. Rdb1 Re2 28. Re1 Rd2 29. Rac1 Rxc1 30. Rxc1 Nc4 31. Rb1 Rxd4 32. Rb8+ Kg7 33. Rb7 Rd1+ 34. Kh2 Nd6 35. Rd7 Nf5 36. Rxf7+ Kg8 37. Rxa7 d4 38. Ne4 d3 39. Rxa6 Ne3 40.
Rxg6+ Kh7 41. Rd6 d2 42. Nxd2 Rxd2 43. Rxd2 Nf1+ 44. Kg1 Nxd2 45. a6 Nc4 46. a7 Nb6 47. Kf2 Kg6 48. g4 hxg4 49. fxg4 Na8 50. Kg3 Nb6 51.
Kf4 Kf6 52. g5+ Kg6 53. Kg4 1-0

[Event "Late-Titled-Tuesday-Blitz-March-05-2024"]
[Site "Chess.com"]
[Date "2024.03.05"]
[Round "4"]
[White "Yaacovn"]
[Black "SaqoChess_Twitch"]
[Result "0-1"]
[WhiteElo "2854"]
[BlackElo "2638"]
[TimeControl "180+1"]
[EndTime "14:39:24 PST"]
[Termination "SaqoChess_Twitch won by resignation"]

1. d4 d5 2. Nf3 e6 3. Bf4 Nf6 4. e3 Bd6 5. Bg3 O-O 6. c4 b6 7. cxd5 exd5 8. Nc3 Bb7 9. Rc1 Ne4 10. Bd3 h6 11. Qc2 f5 12. Bxd6 Qxd6 13. O-O c6 14.
Ne5 Nd7 15. f4 Nxe5 16. dxe5 Qc5 17. Nxe4 fxe4 18. Qxc5 bxc5 19. Be2 c4 20. b3 cxb3 21. axb3 a5 22. Rc5 a4 23. bxa4 Rxa4 24. Rb1 Ba8 25. Bg4 d4 26. Be6+ Kh7 27. Rc4 Rxc4 28. Bxc4 dxe3 29.
g3 g5 30. Rf1 gxf4 31. gxf4 Kg6 32. Be6 e2 33. f5+ Kg5 34. h4+ Kg4 35. Re1 Kf3 36.
f6 Kf4 37. f7 Kxe5 38. Bb3 c5 39. Rxe2 Bd5 40. Bxd5 Kxd5 41. Rf2 Ke6 42. Rc2 Kd5 43. Rf2 e3 44. Rf6 Ke5 45. Rf3 Ke4 46. Rf6 c4 47. Kf1 c3 48. Ke2 c2 49. Rc6 Rxf7 50. Rc4+ Kd5 51. Rc8 Kd4 52. Rd8+ Kc3 53. Rc8+ Kb2 54. Rb8+ Kc1 55. Rb6 Rf4 56. h5 Rh4 57. Rxh6 Kb2 58.
Rb6+ Kc3 59. Rc6+ Rc4 0-1

[Event "Late-Titled-Tuesday-Blitz-March-05-2024"]
[Site "Chess.com"]
[Date "2024.03.05"]
[Round "4"]
[White "grzechu96"]
[Black "bipe137"]
[Result "1-0"]
[WhiteElo "2744"]
[BlackElo "2550"]
[TimeControl "180+1"]
[EndTime "14:39:24 PST"]
[Termination "grzechu96 won by checkmate"]

1. e4 c5 2. Nf3 e6 3. g3 Nc6 4.
Bg2 Nf6 5. Qe2 Be7 6. O-O O-O 7. e5 Nd5 8. c4 Nc7 9. Rd1 d5 10.
d4 cxd4 11. Nxd4 Nxd4 12. Rxd4 b6 13. Nc3 Bb7 14. Be3 Bc5 15. Rdd1 Qd7 16. Bxc5 bxc5 17.
Ne4 Qe7 18. Nd6 Ba6 19. Qe3 d4 20. Qa3 Rab8 21. b3 Rb4 22. Qa5 f6 23. Qxc5 Rb6 24. Qxd4 fxe5 25. Qxe5 Ne8 26. c5 Rb4 27. c6 Nc7 28.
Ne4 Qf7 29. Rd7 Rxe4 30. Qxe4 Qxf2+ 31. Kh1 Nd5 32. Qe5 Kh8 33. Qxg7# 1-0

[Event "Late-Titled-Tuesday-Blitz-March-05-2024"]
[Site "Chess.com"]
[Date "2024.03.05"]
[Round "4"]
[White "Igor_Lysyj"]
[Black "DanielNaroditsky"]
[Result "1-0"]
[WhiteElo "2843"]
[BlackElo "3089"]
[TimeControl "180+1"]
[EndTime "14:39:25 PST"]
[Termination "Igor_Lysyj won by resignation"]

1. d4 Nf6 2. c4 g6 3. Nc3 Bg7 4. e4 d6 5. Nf3 O-O 6. Be2 Na6 7. Be3 e5 8. O-O Qe7 9. Nd5 Nxd5 10. cxd5 exd4 11. Bxd4 Qxe4 12. Bxg7 Kxg7 13. Re1 Nc5 14. Rc1 a5 15. Bf1 Qf4 16. Rc4 Qf6 17. Qd2 Bf5 18. Rf4 Qd8 19. g4 Bd7 20. Qd4+ Kg8 21. h4 f5 22.
gxf5 Bxf5 23. Ng5 Qf6 24. Qxf6 Rxf6 25. Re7 h6 26. Ne6 Nxe6 27. dxe6 c6 28. Bh3 Raf8 29. Bxf5 gxf5 30. h5 Kh8 31. Kf1 d5 32. b4 a4 33.
b5 cxb5 34. Rb4 f4 35. Rxb5 Rb8 36. Rxd5 Kg8 37. Rdd7 Kf8 38. Rh7 Kg8 39. Rdg7+ Kf8 40. e7+ 1-0

[Event "Late-Titled-Tuesday-Blitz-March-05-2024"]
[Site "Chess.com"]
[Date "2024.03.05"]
[Round "4"]
[White "subham777"]
[Black "Arystanner"]
[Result "1-0"]
[WhiteElo "2598"]
[BlackElo "2863"]
[TimeControl "180+1"]
[EndTime "14:39:25 PST"]
[Termination "subham777 won on time"]

1. e4 c5 2. Nf3 Nc6 3. Bb5 e6 4. O-O Nge7 5. c3 a6 6. Ba4 b5 7. Bc2 c4 8. a4 Bb7 9. axb5 axb5 10.
Rxa8 Qxa8 11. Na3 Qa6 12. d4 Ng6 13. d5 Nce5 14. Nxe5 Nxe5 15. f4 Ng6 16. Be3 Bxa3 17. bxa3 O-O 18. Bc5 d6 19. Bb4 exd5 20. exd5 Qb6+ 21. Kh1 Ne7 22. Be4 f5 23. Bf3 Ng6 24. Bh5 Re8 25. Re1 Re3 26. Qc1 Re4 27. Bf3 Bxd5 28. Bxe4 Bxe4 29. Qd2 d5 30. h3 Qb8 31. Rf1 h6 32. Qf2 Qd8 33. Bc5 Qf6 34. Bd4 Qa6 35. Qg3 Kh7 36. h4 1-0